 Dungeon Crawl Stone Soup version 0.28.0-45-g0d030f2227 (webtiles) character file.

Game seed: 3309416392717186476

209 GigaChad the Slasher (level 5, -3/47 HPs)
             Began as a Minotaur Chaos Knight on Apr 21, 2022.
             Was a Plaything of Xom.
             Killed by nerve-wracking pain
             ... invoked by an orc priest
              (6 damage)
             ... on level 4 of the Dungeon.
             The game lasted 00:09:01 (2071 turns).

GigaChad the Slasher (Minotaur Chaos Knight)        Turns: 2071, Time: 00:09:02

Health: -3/47      AC:  5    Str: 22      XL:     5   Next: 55%
Magic:  4/4        EV: 11    Int:  9      God:    Xom [....*.]
Gold:   75         SH:  0    Dex:  7 (8)  Spells: 1/4 levels left

rFire   . . .      SeeInvis .   a - +2 falchion (chaos)
rCold   + . .      Faith    .   (no shield)
rNeg    . . .      Spirit   .   k - +0 ring mail
rPois   +          Reflect  .   (helmet restricted)
rElec   .          Harm     .   (no cloak)
rCorr   .          Rampage  .   (no gloves)
Will    +....                   (no boots)
Stlth   ..........              h - amulet of the acrobat
HPRegen 0.15/turn               c - +6 ring of strength
MPRegen 0.09/turn               n - ring of Cubepoyp {+Blink rPois rC+ Will+}

@: unable to read
A: horns 2, retaliatory headbutt, clumsy 2, screaming 1, inability to read while
threatened
a: Renounce Religion, Evoke Blink


You were on level 4 of the Dungeon.
You worshipped Xom.
You were a beloved toy of Xom.
You visited 1 branch of the dungeon, and saw 3 of its levels.

You collected 75 gold pieces.

Inventory:

Hand Weapons
 a - a +2 falchion of chaos (weapon)
 p - a +2 vampiric hand axe
 s - the +9 whip of a Gauntlet {flame, Str+7}
   (You found it on level 4 of the Dungeon)

   It burns those it strikes, dealing additional fire damage.
   Str:       It affects your strength (+7).
Missiles
 u - 6 datura-tipped darts (quivered)
Armour
 b - a +2 leather armour
 k - a +0 ring mail (worn)
Jewellery
 c - a +6 ring of strength (left hand)
 e - a ring of magical power
 h - an amulet of the acrobat (around neck)
 l - a +4 ring of evasion
 n - the ring of Cubepoyp (right hand) {+Blink rPois rC+ Will+}
   (You found it on level 2 of the Dungeon)

   [ring of protection from cold]

   rC:        It protects you from cold.
   rPois:     It protects you from poison.
   +Blink:    It lets you blink.
   Will:      It increases your willpower.
Scrolls
 f - a scroll of fear
 g - 6 scrolls of identify
 j - a scroll of fog
 o - a scroll of enchant armour {unknown}
 r - a scroll of amnesia {unknown}
 t - a scroll of teleportation {unknown}
Potions
 d - a potion of brilliance
 i - 2 potions of haste {unknown}
 m - a potion of heal wounds {unknown}
 q - a potion of flight {unknown}
 v - a potion of mutation {unknown}


   Skills:
 + Level 4.6 Fighting
 + Level 5.5 Long Blades
 + Level 0.1 Maces & Flails
 + Level 4.1 Armour
 + Level 2.2 Dodging
 + Level 0.4 Stealth


You had one spell level left.
You knew the following spells:

 Your Spells              Type           Power      Damage    Failure   Level
a - Inner Flame           Hex/Fire       0%         N/A       88%         3

Your spell library contained the following spells:

 Spells                   Type           Power      Damage    Failure   Level
 Foxfire                  Conj/Fire      0%         2x1d4     54%         1
 Conjure Flame            Conj/Fire      0%         6-21      88%         3
 Flame Wave               Conj/Fire      0%         2d4       99%         4


Dungeon Overview and Level Annotations

Branches:
Dungeon (2/15)

Altars:


Innate Abilities, Weirdness & Mutations

You have a pair of horns on your head.
You reflexively headbutt those who attack you in melee.
You are very clumsy. (Dex -4)
You occasionally shout uncontrollably at your foes.
You sometimes lose the ability to read scrolls when taking damage.


Message History

Beogh smites you!
You feel threatened and lose the ability to read scrolls!
Your Armour skill increases to level 4!
A quokka comes into view.
The iguana completely misses you.
You hit the iguana but do no damage. Your headbutt misses the iguana.
The iguana bites you!
An iguana comes into view.
The orc priest closely misses you. You furiously retaliate!
You headbutt the orc priest! The iguana barely misses you.
The iguana hisses angrily.
You hit the iguana. You burn the iguana.
The iguana is lightly wounded.
The iguana bites you!
* * * LOW HITPOINT WARNING * * *
The orc priest misses you. The iguana barely misses you.
You whack the iguana! You burn the iguana.
The iguana is severely wounded.
The iguana closely misses you.
The orc priest calls down the wrath of Beogh upon you.
You resist with some effort. The iguana closely misses you.
You whack the iguana! You burn the iguana.
You kill the iguana!
The iguana barely misses you.
The orc priest mumbles some strange prayers to Beogh against you.
You resist with some effort.
Really walk into that cloud of seething chaos? [Y]es or [N]o only, please.
Really walk into that cloud of seething chaos?
Okay, then.
The +9 whip of a Gauntlet {flame, Str+7} stops flaming.
Your +2 falchion of chaos is briefly surrounded by a scintillating aura of random colours.
a - a +2 falchion of chaos (weapon)
The iguana bites you!
* * * LOW HITPOINT WARNING * * *
The orc priest is engulfed in seething chaos.
The orc priest mumbles some strange prayers to Beogh against you.
Pain shoots through your body!
You die...
Xom chortles!

****,,,,,,*,,,* ##.#####....##
*,,,,,,*,,,* ##.###........
*,,,,,,*,,,* #...##.##.....
**+***.##+##* ##.###)*#..... *,*
*......* ##.###,*#.....
*****,***......#***#...##.##.....
,,,,,,,,*.......,,,##.##.........
*********.....rl#####.#,#..#,...,
*********......§@##...#,#..#*#.#+
,,,,,,,,,......o§.#...#,#..###.#.
,,,******......#§§#...#,#........
,,,*,,,,,...........#.#,##.###.##
,,,*,,,,,.####.#....#.#,#........
,,,*,,,,,,* #.#....#.#,#..##..#.
,,,*,,,,,,* #,##.###.#,#...#..#.
**************,*#..*#.#,#...#....
*,,,*#..##.#.#..###.#.


You could see an iguana, an orc priest and a quokka.

Vanquished Creatures
  An orc priest (D:4)
  2 iguanas (D:4)
  An orc wizard (D:4)
  3 adders
  An adder zombie (D:2)
  2 adder skeletons
  3 dart slugs
  7 orcs (D:4)
  3 ball pythons
  A bat skeleton (D:2)
  5 endoplasms
  A giant cockroach (D:4)
  A hobgoblin (D:2)
  5 quokkas
  3 bats
  2 frilled lizards (D:1)
  8 goblins
  A jackal zombie (D:2)
  3 kobolds
  A quokka skeleton (D:2)
  2 rats (D:1)
56 creatures vanquished.

Vanquished Creatures (others)
  A withered plant (D:2)
1 creature vanquished.

Grand Total: 57 creatures vanquished

Notes
Turn   | Place    | Note
-------+----------+-------------------------------------------
     0 | D:1      | GigaChad the Minotaur Chaos Knight began the quest for the
                  | Orb.
     0 | D:1      | Reached XP level 1. HP: 19/19 MP: 0/0
    88 | D:1      | XOM: silly message
   210 | D:1      | Reached XP level 2. HP: 14/27 MP: 1/1
   228 | D:1      | Reached skill level 4 in Long Blades
   592 | D:1      | XOM: noise
   716 | D:1      | XOM is BORED!
   847 | D:1      | XOM: give mutation
   847 | D:1      | Gained mutation: You are clumsy. (Dex -2) [Xom's mischief]
  1064 | D:2      | Reached XP level 3. HP: 27/33 MP: 2/2
  1289 | D:2      | Identified the ring of Cubepoyp {+Blink rPois rC+ Will+}
  1401 | D:2      | Found a faded altar of an unknown god.
  1413 | D:2      | You fall into a shaft and drop 2 floors!
  1461 | D:4      | Reached XP level 4. HP: 41/41 MP: 3/3
  1507 | D:4      | Reached skill level 5 in Long Blades
  1583 | D:4      | XOM: give mutations
  1583 | D:4      | Gained mutation: You sometimes lose the ability to read
                  | scrolls when taking damage. [Xom's mischief]
  1583 | D:4      | Gained mutation: You occasionally shout uncontrollably at
                  | your foes. [Xom's mischief]
  1583 | D:4      | Gained mutation: You are very clumsy. (Dex -4) [Xom's
                  | mischief]
  1720 | D:4      | Learned a level 3 spell: Inner Flame
  1738 | D:4      | Reached XP level 5. HP: 47/47 MP: 4/4
  1876 | D:4      | XOM: summons 1 hostile shadow creature
  1892 | D:4      | XOM: stat loss: -1 Dex (7/8)
  1950 | D:4      | Identified the +9 whip of a Gauntlet {flame, Str+7}
  2065 | D:4      | XOM: chaos cloud
  2071 | D:4      | Killed from afar by an orc priest

Illustrated notes

Levels and vault maps discovered:
D:1:      dpeg_arrival_arbitrary_c, layout_basic
D:2:      layout_basic, serial_undead, serial_undead_b, serial_undead_c,
          serial_undead_a, serial_undead_d, serial_undead_d, serial_undead_f,
          hellmonk_ecumenical_altar_leap_of_faith, minmay_quadrilaterals
D:4:      layout_basic, amcnicky_mini_corridor_feature, uniq_crazy_yiuf_cottage

Skill      XL: |  1  2  3  4  5 |
---------------+----------------+-----
Long Blades    | 4 5 |  5.5
Armour         | 3 4 |  4.1
Fighting       | 4 |  4.6
Dodging        | 2 |  2.2
Maces & Flails | |  0.1
Stealth        | |  0.4

Action                   |  1- 3 |  4- 6 || total
-------------------------+-------+-------++-------
Melee: Falchion          |    81 |    37 ||   118
       Headbutt          |    11 |     1 ||    12
       Whip              |       |     8 ||     8
  Use: Scroll            |     5 |     2 ||     7
Armor: Leather armour    |     3 |       ||     3
       Ring mail         |    31 |    17 ||    48
Dodge: Dodged            |    75 |    39 ||   114
